AoeStats
← smartjanc

Migration

509432260Analyzed
1v1 RM · 5d ago on Sep 26, 2026· 28m 39s· 2 players
Game mode
Random Map
Map size
132×132
Population
200
Speed
Normal
Resources
Standard
Victory
Conquest
Starting age
Dark Age
Ending age
Imperial Age
RankedLock teamsTeams togetherTeam positionsShared explorationLock speedFull tech treeHidden civsTurbo modeCheats
Victory
Defeat
🇺🇸 Sicilians · United States
222
+15
🇵🇪 Franks · Peru
197
-15
jlfalconc
0:47 Loom
14:16 Feudal Age
14:53 Double-Bit Axe
18:49 Wheelbarrow
26:17 Man-at-Arms
smartjanc
0:57 Loom
22:18 Feudal Age
22:40 Man-at-Arms
23:06 Arson
27:16 Wheelbarrow
26:52 Fletching
27:14 Forging
27:05 Scale Mail Armor
Connection lost

Rejoining the realm…

Still unreachable

The connection could not be restored.

Session expired

The server has moved on; the page needs a fresh start.